 Dungeon Crawl Stone Soup version 0.27-a0-1137-g3ef0f4ec91 (webtiles) character file.

Game seed: 349734431033185906

78 leviel the Skirmisher (level 4, -10/41 HPs)
             Began as a Minotaur Fighter on May 7, 2021.
             Mangled by Sobieck's ghost (16 damage)
             ... on level 3 of the Dungeon.
             The game lasted 00:03:45 (1557 turns).

leviel the Skirmisher (Minotaur Fighter)            Turns: 1557, Time: 00:03:45

Health: -10/41     AC: 11    Str: 21    XL:     4   Next: 15%
Magic:  3/3        EV:  4    Int:  6    God:
Gold:   83         SH:  9    Dex:  9    Spells: 3/3 levels left

rFire    . . .     SeeInvis .   a - +0 war axe
rCold    . . .     Faith    .   c - +0 kite shield
rNeg     . . .     Spirit   .   k - +0 plate armour
rPois    .         Reflect  .   (helmet restricted)
rElec    .         Harm     .   (no cloak)
rCorr    .         Rampage  .   (no gloves)
Will     .....                  (no boots)
Stlth    ..........             (no amulet)
HPRegen  0.13/turn              (no ring)
MPRegen  0.08/turn              (no ring)

@: mighty
A: horns 2, retaliatory headbutt
a: no special abilities


You were on level 3 of the Dungeon.
You visited 1 branch of the dungeon, and saw 3 of its levels.

You collected 83 gold pieces.

Inventory:

Hand Weapons
 a - a +0 war axe (weapon)
Armour
 c - a +0 kite shield (worn)
 k - a +0 plate armour (worn)
Scrolls
 e - 2 scrolls of identify {unknown}
 f - 2 scrolls of fog {unknown}
 g - 2 scrolls of magic mapping {unknown}
 j - a scroll of vulnerability {unknown}
Potions
 b - a potion of invisibility {unknown}
 d - a potion of might
 h - 2 potions of magic {unknown}
 i - a potion of curing {unknown}


   Skills:
 + Level 4.3 Fighting
 * Level 3.4 Axes
 + Level 4.2 Armour
 + Level 0.5 Dodging
 + Level 4.3 Shields


You had 3 spell levels left.
You didn't know any spells.
Your spell library was empty.

Dungeon Overview and Level Annotations

Branches:
Dungeon (3/15)

Altars:

Shops:
D:2 =[[*

Annotations:
D:3 Sobieck's ghost, weakling DDMo


Innate Abilities, Weirdness & Mutations

You have a pair of horns on your head.
You reflexively headbutt those who attack you in melee.


Message History

The endoplasm is almost dead.
You barely miss the jackal.
The jackal bites you but does no damage.
The endoplasm freezes you.
You are frozen.
You block the jackal's attack.
You slash the endoplasm!
You kill the endoplasm!
You hit the jackal.
The jackal bites you but does no damage.
You block the jackal's attack.
Unknown command.
You miss the jackal.
The jackal is almost dead.
The jackal bites you but does no damage. x2
You block the jackal's attack.
You hit the jackal.
You kill the jackal!
You open the door. You closely miss Sobieck's ghost.
Sobieck's ghost hits you but does no damage.
You are electrocuted!!
Sobieck's ghost hits you!
* * * LOW HITPOINT WARNING * * *
You barely miss Sobieck's ghost. You block Sobieck's ghost's attack.
You slash Sobieck's ghost! You headbutt Sobieck's ghost!
Sobieck's ghost is heavily damaged.
You block Sobieck's ghost's attack.
Sobieck's ghost hits you but does no damage.
You hit Sobieck's ghost but do no damage.
Sobieck's ghost is heavily damaged.
Sobieck's ghost hits you.
* * * LOW HITPOINT WARNING * * *
Sobieck's ghost hits you but does no damage.
You feel very mighty all of a sudden. Sobieck's ghost barely misses you.
You barely miss Sobieck's ghost.
Sobieck's ghost is heavily damaged.
Sobieck's ghost hits you.
* * * LOW HITPOINT WARNING * * *
You are electrocuted!
You die...

#.......# ##........#
#.♣...♣.########.........#
#...†...#....>.....[.....#
#.♣...♣.#..######........#
#.......##...............#
####.#####....###....[...#
#....#####.##########.####
###.#...#.....#.....# ...
...........##.@W≈≈≈≈!# #.#
.##.[#.##......#.....# ..
#.##.############### <..
#.# #.# ... .. ##>


You could see Sobieck's ghost.

Vanquished Creatures
  An adder (D:2)
  A worm (D:2)
  2 dart slugs (D:1)
  6 ball pythons
  3 bats
  7 endoplasms
  A giant cockroach (D:2)
  3 goblins (D:1)
  6 hobgoblins
  9 jackals
  2 quokkas
  3 frilled lizards (D:2)
  6 kobolds
  6 rats
56 creatures vanquished.

Notes
Turn   | Place    | Note
-------+----------+-------------------------------------------
     0 | D:1      | leviel the Minotaur Fighter began the quest for the Orb.
     0 | D:1      | Reached XP level 1. HP: 19/19 MP: 0/0
   116 | D:1      | Reached XP level 2. HP: 22/27 MP: 1/1
   435 | D:1      | Reached XP level 3. HP: 29/33 MP: 2/2
   697 | D:2      | Found Verchugonang's Antique Armour Boutique.
   810 | D:2      | Found Peoqecei's Assorted Antiques.
   867 | D:2      | Found Kuiprel's Antique Armour Shoppe.
   921 | D:2      | Found Awairghaoq's Jewellery Shoppe.
  1010 | D:2      | Found a faded altar of an unknown god.
  1489 | D:3      | Reached XP level 4. HP: 38/41 MP: 3/3
  1517 | D:3      | Found a runed translucent door.
  1520 | D:3      | Noticed Sobieck's ghost (weakling DDMo)
  1557 | D:3      | Mangled by Sobieck's ghost

Illustrated notes

Levels and vault maps discovered:
D:1:      roderic_dead_forest, layout_rooms, minivault_24
D:2:      layout_basic, serial_shops, nicolae_shop_window_shopping,
          nicolae_shop_stone, shop, shop,
          shapermc_ecumenical_altar_mp_highgroup, minmay_misc_feat_doors,
          dk_noncrumbling_2
D:3:      layout_rooms, overflow_temple_1_default,
          ebering_ghost_reflecting_pool, grunt_ministairs_3

Skill      XL: |  1  2  3 |
---------------+----------+-----
Fighting       | 4 |  4.3
Armour         | 4 |  4.2
Shields        | 4 |  4.3
Axes           | 3 |  3.4
Dodging        | |  0.5

Action                   |  1- 3 |  4- 6 || total
-------------------------+-------+-------++-------
Melee: War axe           |    90 |    15 ||   105
       Headbutt          |    13 |     3 ||    16
  Use: Potion            |       |     1 ||     1
Armor: Scale mail        |    27 |       ||    27
       Plate armour      |     8 |    10 ||    18
Dodge: Dodged            |    31 |     3 ||    34
Block: Kite shield       |    60 |    10 ||    70

Table legend: (Time is in decaauts)
 A = Elapsed time spent in this place.
 B = Non-inter-level travel time spent in this place.
 C = Inter-level travel time spent in this place.
 D = Time resting spent in this place.
 E = Time spent auto-exploring this place.
 F = Levels seen in this place.
 G = Mean time per level.
                   A        B        C        D        E       F      G
               +--------+--------+--------+--------+--------+-----+--------+
         Total |   1617 |   1546 |     71 |      0 |   1205 |   3 |  539.0 |
       Dungeon |   1617 |   1546 |     71 |      0 |   1205 |   3 |  539.0 |
               +--------+--------+--------+--------+--------+-----+--------+

Top non-repeatable levels by time:
     D:2: 837 daAuts
     D:1: 686 daAuts
     D:3: 93 daAuts
